 Dungeon Sprint DCSS version 0.28-a0-1033-g1a2f33fa85 (webtiles) character file.

Game seed: 7174860702444263788

24 ytrimaz the Covered (level 3, -16/33 HPs)
             Began as a Formicid Fighter on Dec 7, 2021.
             Demolished by an ogre (19 damage)
             ... in the Dungeon (Sprint I: "Red Sonja").
             The game lasted 00:00:48 (200 turns).

ytrimaz the Covered (Formicid Fighter)               Turns: 200, Time: 00:00:48

Health: -16/33     AC:  7    Str: 22    XL:     3   Next: 15%
Magic:  3/3        EV:  9    Int:  7    God:
Gold:   0          SH:  4    Dex: 10    Spells: 2/2 levels left

rFire   . . .      SeeInvis +   a - +0 war axe
rCold   . . .      Faith    .   c - +0 buckler
rNeg    . . .      Spirit   .   b - +0 scale mail
rPois   .          Reflect  .   (helmet unavailable)
rElec   .          Harm     .   (no cloak)
rCorr   .          Rampage  .   (no gloves)
Will    .....                   (no boots)
Stlth   ..........              (no amulet)
HPRegen 0.11/turn               (no ring)
MPRegen 0.08/turn               (no ring)

@: no status effects
A: permanent stasis, dig shafts and tunnels, antennae 3, four strong arms
a: Dig


You were in the Dungeon.
You visited 1 branch

Inventory:

Hand Weapons
 a - a +0 war axe (weapon)
Armour
 b - a +0 scale mail (worn)
 c - a +0 buckler (worn)
Wands
 h - a wand of polymorph (3)
Potions
 d - a potion of might
 e - a potion of curing
 f - a potion of heal wounds
 g - 2 potions of magic


   Skills:
 + Level 5.0 Fighting
 + Level 3.3 Axes
 + Level 5.0 Armour
 - Level 3.6 Shields


You had 2 spell levels left.
You didn't know any spells.
Your spell library was empty.

Dungeon Overview and Level Annotations

Branches:
Dungeon (1/1)

Altars:


Innate Abilities, Weirdness & Mutations

You cannot be hasted, slowed, berserked, paralysed or teleported.
You can dig through walls and to a lower floor.
You have a pair of large antennae on your head. (SInv)
Your four strong arms can wield two-handed weapons with a shield.


Message History

You hit Ijyb.
Ijyb is heavily wounded.
Ijyb hits you with a +0 club.
You hit Ijyb.
Ijyb is severely wounded.
Ijyb hits you with a +0 club. Ijyb barely misses you.
You slash Ijyb!
You kill Ijyb!
Your Fighting skill gained 2 levels and is now at level 5!
Your Axes skill increases to level 3!
Your Armour skill gained 2 levels and is now at level 5!
You have reached level 2!
You have reached level 3!
Your experience leads to an increase in your attributes!
Increase (S)trength, (I)ntelligence, or (D)exterity?
You feel stronger. x2
h - a wand of polymorph (3)
Things that are here:
a +0 club; a +0 ring mail; the goblin corpse of Ijyb You start resting.
You start resting.
HP restored.
You open the door.
Okay, then.
An ogre comes into view. It is wielding a +0 giant club.
The ogre shouts!
There is an open door here.
You hit the ogre.
The ogre is lightly wounded.
The ogre hits you with a +0 giant club!
You barely miss the ogre.
The ogre is lightly wounded.
The ogre hits you with a +0 giant club!!
Ouch! That really hurt!
* * * LOW HITPOINT WARNING * * *
You hit the ogre but do no damage.
The ogre is lightly wounded.
The ogre hits you with a +0 giant club!!
Ouch! That really hurt!
You die...

##########
#<.#..@O.#
{
#..').#..+
#..#####+#
#..# #..#
#..# #⌠⌠#
{ ####


You could see an ogre.

Vanquished Creatures
  Ijyb (D)
1 creature vanquished.

Notes
Turn   | Place    | Note
-------+----------+-------------------------------------------
     0 | D        | ytrimaz the Formicid Fighter began the quest for the Orb.
     0 | D        | Reached XP level 1. HP: 18/18 MP: 1/1
     2 | D        | Noticed Ijyb
    14 | D        | Killed Ijyb
    15 | D        | Reached skill level 5 in Fighting
    15 | D        | Reached skill level 5 in Armour
    15 | D        | Reached XP level 2. HP: 10/27 MP: 2/2
    15 | D        | Reached XP level 3. HP: 13/33 MP: 3/3
   197 | D        | Noticed an ogre
   200 | D        | Demolished by an ogre

Illustrated notes

Levels and vault maps discovered:
D:        dungeon_sprint_1 [red_sonja_temple_1, red_sonja_temple_small_1]

Skill      XL: |  1 |
---------------+----+-----
Fighting       | 5 |  5.0
Axes           | 3 |  3.3
Armour         | 5 |  5.0
Shields        | |  3.6

Action                   || total
-------------------------++-------
Melee: War axe           ||    15
Armor: Scale mail        ||     1
Dodge: Dodged            ||     3
Block: Buckler           ||     2

Table legend: (Time is in decaauts)
 A = Elapsed time spent in this place.
 B = Non-inter-level travel time spent in this place.
 C = Inter-level travel time spent in this place.
 D = Time resting spent in this place.
 E = Time spent auto-exploring this place.
 F = Levels seen in this place.
 G = Mean time per level.
                   A        B        C        D        E       F      G
               +--------+--------+--------+--------+--------+-----+--------+
         Total |    205 |    205 |      0 |    178 |      0 |   1 |  205.0 |
       Dungeon |    205 |    205 |      0 |    178 |      0 |   1 |  205.0 |
               +--------+--------+--------+--------+--------+-----+--------+

Top non-repeatable levels by time:
       D: 205 daAuts
